 Dungeon Crawl Stone Soup version 0.30-a0-722-g3e6e8c874d (webtiles) character file.

Game seed: 13518140268238184430

14 zeratav the Grasshopper (level 2, 25/25 HPs)
             Began as an Armataur Warper on Jan 28, 2023.
             Quit the game on level 1 of the Dungeon.
             The game lasted 00:01:59 (460 turns).

zeratav the Grasshopper (Armataur Warper)            Turns: 460, Time: 00:01:59

Health: 25/25      AC:  4    Str: 16    XL:     2   Next: 31%
Magic:  4/4        EV:  9    Int: 13    God:
Gold:   13         SH:  0    Dex:  9    Spells: 4/4 levels left

rFire   . . .      SeeInvis .    a - +0 spear {polearm}
rCold   . . .      Faith    .    (no shield)
rNeg    . . .      Spirit   .    b - +0 leather armour
rPois   .          Reflect  .    (no helmet)
rElec   .          Harm     .    (no cloak)
rCorr   .          Roll     +    (no gloves)
Will    .....                    (no barding)
Stlth   +                        (no amulet)
HPRegen 0.24/turn                (no ring)
MPRegen 0.09/turn                (no ring)

@: no status effects
A: large, rugged brown scales 3, deformed body, armoured tail, roll, long
tongue, awkward tongue
a: no special abilities


You were on level 1 of the Dungeon.
You visited 1 branch of the dungeon, and saw 1 of its levels.

You collected 13 gold pieces.


Innate Abilities, Weirdness & Mutations

You are completely covered in rugged brown scales. (AC +3, +7% HP)
Armour fits poorly on your strangely shaped body.
You have a long armoured tail.
You roll when moving toward enemies. (Rampage)
Your long tongue fully drains potion bottles. (2x potion effects)
Your tongue gives you trouble enunciating. (1.5x scroll delay)


   Skills:
 + Level 1.9 Fighting
 + Level 1.6 Polearms
 + Level 1.1 Throwing
 + Level 1.5 Armour
 + Level 1.5 Dodging
 + Level 1.9 Spellcasting
 + Level 3.1 Translocations


You had 4 spell levels left.
You didn't know any spells.
Your spell library contained the following spells:

 Spells                   Type           Power      Damage    Failure   Level
 Blink                    Tloc           18%        N/A       13%         2
 Lesser Beckoning         Tloc           18%        N/A       13%         2
 Teleport Other           Tloc           9%         N/A       26%         3
 Vhi's Electric Charge    Tloc/Air       10%        N/A       45%         3
 Manifold Assault         Tloc           9%         N/A       65%         4

Inventory:

Hand Weapons
 a - a +0 spear (weapon) {polearm}
Missiles
 d - 7 boomerangs of dispersal (quivered) {=fthrowing}
Armour
 b - a +0 leather armour (worn)
Scrolls
 c - a scroll of blinking {!r}
 e - a scroll of torment {unknown}
 f - 2 scrolls of identify {unknown}
Potions
 g - a potion of heal wounds {unknown}
 h - 2 potions of degeneration {unknown}

Dungeon Overview and Level Annotations

Branches:
Dungeon (1/15) Zot: 5539

Altars:

###.....##
#.......# #
.#.....##
###
#.#####.# #
#.....## #..
#.#####.####
.....># #.#
#.#.........
.)..#.# #.#
#.#.###.####
........ #.#
#...# #.# #
###.....###
#.#####...#
#.# # #
#.......#
#........##
#.# #
#.....#.#
#@#####.##
#.# .....#.#
#.# #.# #.#
####.# #)#
#.#####.#
###.####.#.#
#.......#
#........#..
#.####### #
#........###
#.##########
#.#.####...
#...........
#.#.# ##
#.#########.
#######.#.#
#.#########.


There were no monsters in sight!


Message History

You barely miss the ball python. The ball python closely misses you.
You hit the ball python.
You kill the ball python!
No target in view!
No target in view!
No target in view!
No target in view!
No target in view!
No target in view!
No target in view!
No target in view!
No target in view!
No target in view!
No target in view!
No target in view!
No target in view!
No target in view!
No target in view!
No target in view!
A rat comes into view.
A rat is nearby!
You reach to attack!
You barely miss the rat. You hit the rat.
You kill the rat!
No target in view!
No target in view!
No target in view!
No target in view!
No target in view!
No target in view!
No target in view!
No target in view!
No target in view!
No target in view!
No target in view!
No target in view!
No target in view!
No target in view!
No target in view!
No target in view!
A frilled lizard comes into view.
The frilled lizard hisses angrily.
A frilled lizard is nearby!
The frilled lizard bites the bush but does no damage.
The frilled lizard hisses.
The frilled lizard bites the bush but does no damage.
The frilled lizard bites the bush but does no damage.
The frilled lizard bites the bush but does no damage.
The frilled lizard bites the bush but does no damage.
The bush is in the way.
You hit the bush but do no damage.
You tail-slap the bush, but do no damage.
The frilled lizard bites the bush but does no damage.
You reach to attack!
You hit the frilled lizard.
You kill the frilled lizard!
No target in view!
No target in view!
No target in view!
No target in view!
No target in view!
No target in view!
No target in view!
No target in view!
No target in view!
No target in view!
No target in view!
No target in view!
No target in view!
No target in view!
No target in view!
No target in view!
No target in view!
No target in view!
You see here 6 stones {throwing}.
A kobold comes into view. It is wielding a +0 short sword.
The kobold shouts!
The kobold throws a stone.
The stone barely misses you.
You reach to attack!
You closely miss the kobold.
The kobold throws a stone.
The stone closely misses you.
You reach to attack!
You hit the kobold.
You kill the kobold!
No target in view!
No target in view!
No target in view!
No target in view!
No target in view!
No target in view!
No target in view!
No target in view!
No target in view!
No target in view!
No target in view!
No target in view!
No target in view!
No target in view!
No target in view!
No target in view!
No target in view!
No target in view!
No target in view!
Are you sure you want to abandon this character and quit the game? (Confirm with "yes".)

Skill      XL: |  1 |
---------------+----+-----
Throwing       | 1 |  1.1
Fighting       | |  1.9
Polearms       | |  1.6
Armour         | |  1.5
Dodging        | |  1.5
Spellcasting   | |  1.9
Translocations | |  3.1

Action                     || total
---------------------------++-------
  Melee: Spear             ||    37
         Tailslap          ||     3
 Armour: Leather armour    ||    10
  Dodge: Dodged            ||    17

Levels and vault maps discovered:
D:1:      onia_arrival_pyramid, layout_loops_ring, minmay_hedge_maze,
          roderic_lattice_a

Notes
Turn   | Place    | Note
-------+----------+-------------------------------------------
     0 | D:1      | zeratav the Armataur Warper began the quest for the Orb.
     0 | D:1      | Reached XP level 1. HP: 18/18 MP: 3/3
     0 | D:1      | magus.rc [v1.9.6]
   244 | D:1      | Reached skill level 1 in Throwing
   271 | D:1      | Reached XP level 2. HP: 24/25 MP: 4/4
   460 | D:1      | Quit the game

Vanquished Creatures
  3 hobgoblins (D:1)
  2 jackals (D:1)
  2 kobolds (D:1)
  3 ball pythons (D:1)
  A bat (D:1)
  A frilled lizard (D:1)
  A goblin (D:1)
  A rat (D:1)
14 creatures vanquished.

Table legend:
 A = Non-vault XP
 B = Vault XP
 C = Vault XP percentage of total XP
 D = Non-vault monster count
 E = Vault monster count
 F = Vault count percentage of total count
                 A         B        C        D         E       F
            +---------+---------+-------+---------+---------+-------
      Total |      21 |       0 |   0.0 |      14 |       0 |   0.0
            +---------+---------+-------+---------+---------+-------
        D:1 |      21 |       0 |   0.0 |      14 |       0 |   0.0
            +---------+---------+-------+---------+---------+-------

Illustrated notes

Table legend:
 A = Kills in this place as a percentage of kills in entire the game.
 B = Kills by you in this place as a percentage of kills by you in the entire game.
 C = Kills by friends in this place as a percentage of kills by friends in the entire game.
 D = Other kills in this place as a percentage of other kills in the entire game.
 E = Experience gained in this place as a percentage of experience gained in the entire game.
 F = Experience gained in this place divided by the number of levels of this place that you have seen.
                   A       B       C       D       E      F
               +-------+-------+-------+-------+-------+----------------------
         Total | 100.0 | 100.0 |   N/A |   N/A | 100.0 |  21.0
       Dungeon | 100.0 | 100.0 |   N/A |   N/A | 100.0 |  21.0
               +-------+-------+-------+-------+-------+----------------------

Table legend: (Time is in decaauts)
 A = Elapsed time spent in this place.
 B = Non-inter-level travel time spent in this place.
 C = Inter-level travel time spent in this place.
 D = Time resting spent in this place.
 E = Time spent auto-exploring this place.
 F = Levels seen in this place.
 G = Mean time per level.
                   A        B        C        D        E       F      G
               +--------+--------+--------+--------+--------+-----+--------+
         Total |    460 |    460 |      0 |      0 |    377 |   1 |  460.0 |
       Dungeon |    460 |    460 |      0 |      0 |    377 |   1 |  460.0 |
               +--------+--------+--------+--------+--------+-----+--------+

Top non-repeatable levels by time:
     D:1: 460 daAuts
